 Dungeon Crawl Stone Soup version 0.26.0-15-gc6cd9f700b (webtiles) character file.

Game seed: 17293464834398409163

254 leafyfresh the Magician (level 6, -1/44 HPs)
             Began as a Gnoll Hedge Wizard on Jan 16, 2021.
             Was an Initiate of Elyvilon.
             Slain by Duvessa
             ... wielding a +0 rapier
              (14 damage)
             ... on level 4 of the Dungeon.
             The game lasted 00:06:51 (4691 turns).

leafyfresh the Magician (Gnoll Hedge Wizard)        Turns: 4691, Time: 00:06:52

Health: -1/44      AC:  3    Str: 12    XL:     6   Next: 15%
Magic:  11/16      EV: 15    Int: 19    God:    Elyvilon [......]
Gold:   259        SH:  0    Dex: 14    Spells: 10/19 levels left

rFire    . . .     SeeInvis .   l - +0 whip (venom)
rCold    . . .     Faith    .   (no shield)
rNeg     . . .     Spirit   .   b - +0 robe
rPois    .         Reflect  .   c - +0 hat
rElec    .         Harm     .   m - +0 cloak
rCorr    .         Rampage  .   (no gloves)
Will     .....                  (no boots)
Stlth    +++.......             d - amulet of inaccuracy (curse)
HPRegen  0.14/turn              (no ring)
MPRegen  0.15/turn              (no ring)

@: no status effects
A: distributed training, fangs 1, strong nose
a: Renounce Religion


You were on level 4 of the Dungeon.
You worshipped Elyvilon.
Elyvilon was noncommittal.
You visited 1 branch of the dungeon, and saw 4 of its levels.

You collected 259 gold pieces.

Inventory:

Hand Weapons
 a - a +0 dagger
 e - a +0 dagger of draining
 k - a +0 dagger of speed
 l - a +0 whip of venom (weapon)
Armour
 b - a +0 robe (worn)
 c - a +0 hat (worn)
 m - a +0 cloak (worn)
Jewellery
 d - a cursed amulet of inaccuracy (around neck)
Wands
 t - a wand of flame (10)
Scrolls
 f - 2 scrolls of remove curse {unknown}
 h - 2 scrolls of enchant armour {unknown}
 i - a scroll of magic mapping {unknown}
 n - 2 scrolls of noise {unknown}
 o - 4 scrolls of identify {unknown}
 q - a scroll of amnesia {unknown}
 r - a scroll of immolation {unknown}
 u - a scroll of enchant weapon {unknown}
 v - a scroll of fog {unknown}
Potions
 g - a potion of brilliance {unknown}
 j - a potion of curing
 p - a potion of degeneration {unknown}
 s - a potion of haste


   Skills:
 + Level 1.8 Fighting
 + Level 1.8 Short Blades
 + Level 1.8 Long Blades
 + Level 1.8 Axes
 + Level 1.8 Maces & Flails
 + Level 1.8 Polearms
 + Level 1.8 Staves
 + Level 1.8 Slings
 + Level 1.8 Bows
 + Level 1.8 Crossbows
 + Level 1.8 Throwing
 + Level 1.8 Armour
 + Level 4.9 Dodging
 + Level 4.5 Stealth
 + Level 1.8 Shields
 + Level 1.8 Unarmed Combat
 + Level 7.4 Spellcasting
 + Level 2.5 Conjurations
 + Level 1.4 Hexes
 + Level 2.5 Summonings
 + Level 1.4 Necromancy
 + Level 2.5 Translocations
 + Level 1.4 Transmutations
 + Level 1.4 Fire Magic
 + Level 1.4 Ice Magic
 + Level 1.4 Air Magic
 + Level 1.4 Earth Magic
 + Level 1.4 Poison Magic
 + Level 2.0 Invocations
 + Level 1.8 Evocations


You had 10 spell levels left.
You knew the following spells:

 Your Spells              Type           Power        Failure   Level
a - Magic Dart            Conj           64%          3%          1
b - Mephitic Cloud        Conj/Pois/Air  13%          14%         3
c - Blink                 Tloc           N/A          4%          2
d - Conjure Flame         Conj/Fire      14%          13%         3

Your spell library contained the following spells:

 Spells                   Type           Power        Failure   Level
 Call Imp                 Summ           16%          4%          2
 Slow                     Hex            12%          9%          2


Dungeon Overview and Level Annotations

Branches:
Dungeon (4/15)
 Temple: D:4-7

Altars:
Elyvilon
Hepliaklqana
Qazlal

Annotations:
D:3 2 runed translucent doors, Nolbo's ghost, amateur OpTm
D:4 1 runed translucent door, Crazy Yiuf; Duvessa; Pikel


Innate Abilities, Weirdness & Mutations

Your experience applies equally to all skills.
You have very sharp teeth.
Your uncanny sense of smell can sniff out nearby items.


Message History

You barely miss Duvessa.
Duvessa is severely wounded.
Duvessa misses you. Duvessa barely misses you.
The jackal bites you but does no damage.
Unknown command.
You closely miss Duvessa.
Duvessa is severely wounded.
Duvessa hits you with a +0 rapier! The jackal closely misses you.
Unknown command.
You hit Duvessa.
Duvessa is severely wounded.
Duvessa barely misses you. The jackal misses you.
Unknown command.
You closely miss Duvessa.
Duvessa is severely wounded.
Duvessa hits you with a +0 rapier!
* * * LOW HITPOINT WARNING * * *
The jackal bites you but does no damage.
Duvessa hits you with a +0 rapier!
You die...

#..............
#########.........[..##
.......................
#########...........#.
#...........#
#...........#
#######...### # #=e.#∆
# #.@.# ## #.h.# .#
#...# .# #...# .# ###.#
.# .# .# .. .# ∆ #. .#
...#


You could see Duvessa (berserk, very poisoned) and a jackal.

Vanquished Creatures
  A scorpion (D:4)
  Dowan (D:4)
  An iguana (D:4)
  4 adders
  An ooze (D:1)
  A worm (D:4)
  2 dart slugs (D:1)
  5 leopard geckos
  10 orcs
  A ball python (D:3)
  5 giant cockroaches
  5 goblins
  6 hobgoblins
  4 jackals
  2 quokkas
  4 bats
  A frilled lizard (D:1)
  6 kobolds
  A leopard gecko skeleton (D:4)
  3 rats
64 creatures vanquished.

Notes
Turn   | Place    | Note
-------+----------+-------------------------------------------
     0 | D:1      | leafyfresh the Gnoll Hedge Wizard began the quest for the
                  | Orb.
     0 | D:1      | Reached XP level 1. HP: 13/13 MP: 8/8
    88 | D:1      | Reached XP level 2. HP: 19/19 MP: 3/10
   663 | D:1      | Reached XP level 3. HP: 7/25 MP: 6/11
  1498 | D:2      | Reached skill level 1 in Invocations
  1775 | D:2      | Found a stormy altar of Qazlal.
  1861 | D:2      | Reached skill level 1 in Fighting
  1861 | D:2      | Reached skill level 1 in Short Blades
  1861 | D:2      | Reached skill level 1 in Long Blades
  1861 | D:2      | Reached skill level 1 in Axes
  1861 | D:2      | Reached skill level 1 in Maces & Flails
  1861 | D:2      | Reached skill level 1 in Polearms
  1861 | D:2      | Reached skill level 1 in Staves
  1861 | D:2      | Reached skill level 1 in Slings
  1861 | D:2      | Reached skill level 1 in Bows
  1861 | D:2      | Reached skill level 1 in Crossbows
  1861 | D:2      | Reached skill level 1 in Throwing
  1861 | D:2      | Reached skill level 1 in Armour
  1861 | D:2      | Reached skill level 1 in Shields
  1861 | D:2      | Reached skill level 1 in Unarmed Combat
  1861 | D:2      | Reached skill level 1 in Evocations
  2025 | D:2      | Reached XP level 4. HP: 26/32 MP: 13/13
  2592 | D:3      | Found a large runed translucent door.
  2592 | D:3      | Found a large runed translucent door.
  2594 | D:3      | Noticed Nolbo's ghost (amateur OpTm)
  2834 | D:3      | Reached skill level 1 in Hexes
  2834 | D:3      | Reached skill level 1 in Necromancy
  2834 | D:3      | Reached skill level 1 in Transmutations
  2834 | D:3      | Reached skill level 1 in Fire Magic
  2834 | D:3      | Reached skill level 1 in Ice Magic
  2834 | D:3      | Reached skill level 1 in Air Magic
  2834 | D:3      | Reached skill level 1 in Earth Magic
  2834 | D:3      | Reached skill level 1 in Poison Magic
  3240 | D:3      | Found a hazy altar of Hepliaklqana.
  3460 | D:4      | Reached XP level 5. HP: 12/37 MP: 14/14
  3919 | D:4      | Found a white marble altar of Elyvilon.
  3988 | D:4      | Became a worshipper of Elyvilon the Healer
  4122 | D:4      | Noticed Pikel
  4122 | D:4      | Noticed a lemure
  4122 | D:4      | Noticed a lemure
  4122 | D:4      | Noticed a lemure
  4123 | D:4      | Noticed a lemure
  4422 | D:3      | Learned a level 3 spell: Mephitic Cloud
  4425 | D:3      | Learned a level 2 spell: Blink
  4429 | D:3      | Learned a level 3 spell: Conjure Flame
  4594 | D:4      | Found a runed translucent door.
  4595 | D:4      | Noticed Crazy Yiuf
  4672 | D:4      | Noticed Duvessa
  4672 | D:4      | Noticed Dowan
  4687 | D:4      | Killed Dowan
  4688 | D:4      | Reached XP level 6. HP: 42/44 MP: 11/16
  4691 | D:4      | Slain by Duvessa

Illustrated notes

Levels and vault maps discovered:
D:1:      sevenhm_arrival_forest_fort_small_3, layout_basic,
          minmay_misc_feat_pillars
D:2:      layout_rooms, nicolae_qazlal_eye_of_the_storm
D:3:      layout_loops_cross, nzn_hepliaklqana_mist_gate,
          ebering_ghost_disaster_area, kennysheep_small_spiral
D:4:      layout_basic, nicolae_overflow_crystal_walls,
          hangedman_abyss_or_decor_lesser_grid,
          hangedman_abyss_or_decor_jellyfish_corner, nrook_uturn,
          uniq_crazy_yiuf_cottage, uniq_duvessa, uniq_pikel

Skill      XL: |  1  2  3  4  5 |
---------------+----------------+-----
Conjurations   | 2 |  2.5
Summonings     | 2 |  2.5
Translocations | 2 |  2.5
Invocations    | 1 2 |  2.0
Fighting       | 1 |  1.8
Short Blades   | 1 |  1.8
Long Blades    | 1 |  1.8
Axes           | 1 |  1.8
Maces & Flails | 1 |  1.8
Polearms       | 1 |  1.8
Staves         | 1 |  1.8
Slings         | 1 |  1.8
Bows           | 1 |  1.8
Crossbows      | 1 |  1.8
Throwing       | 1 |  1.8
Armour         | 1 |  1.8
Shields        | 1 |  1.8
Unarmed Combat | 1 |  1.8
Evocations     | 1 |  1.8
Hexes          | 1 |  1.4
Necromancy     | 1 |  1.4
Transmutations | 1 |  1.4
Fire Magic     | 1 |  1.4
Ice Magic      | 1 |  1.4
Air Magic      | 1 |  1.4
Earth Magic    | 1 |  1.4
Poison Magic   | 1 |  1.4
Dodging        | |  4.9
Stealth        | |  4.5
Spellcasting   | |  7.4

Action                   |  1- 3 |  4- 6 || total
-------------------------+-------+-------++-------
Melee: Dagger            |    56 |       ||    56
       Bite              |     2 |    16 ||    18
       Whip              |    16 |   146 ||   162
       Punch             |       |     2 ||     2
 Cast: Magic Dart        |    50 |     6 ||    56
       Mephitic Cloud    |       |     2 ||     2
  Use: Potion            |       |     1 ||     1
 Stab: Sleeping          |     4 |     8 ||    12
       Confused          |       |     1 ||     1
Armor: Robe              |    10 |    26 ||    36
Dodge: Dodged            |    91 |   118 ||   209
